 Dungeon Sprint DCSS version 0.31-a0-981-geadf994542 (webtiles) character file.

Game seed: 267393440515298175

9088 sircluck the Brawler (level 11, -5/127 HPs)
             Began as a Troll Berserker on Nov 1, 2023.
             Was a High Priest of Trog.
             Slain by a cane toad (10 damage)
             ... in the Dungeon (Sprint VII: "The Pits").
             The game lasted 00:04:54 (1108 turns).

sircluck the Brawler (Troll Berserker)              Turns: 1108, Time: 00:04:55

Health: -5/127     AC:  7    Str: 34    XL:     11   Next: 18%
Magic:  10/10      EV: 16    Int:  3    God:    Trog [*****.]
Gold:   0          SH:  0    Dex:  9    Spells: 10/10 levels left

rFire   . .          .
                       - Unarmed
rCold   . . .        (no shield)
rNeg    . . .        a - +0 troll leather armour
rPois   .            (helmet restricted)
rElec   .            o - +0 cloak
rCorr   .            (gloves unavailable)
SInv    .            (boots unavailable)
Will    .....        (no amulet)
Stlth   +            k - +3 ring of evasion
HPRegen 2.01/turn    n - +3 ring of strength
MPRegen 0.12/turn

%: no teleportation
@: slowed, very slow
A: large, unfitting armour, claws 3, regeneration 1, shaggy fur 1, tough skin 1
a: Renounce Religion, Berserk, Trog's Hand, Brothers in Arms


You were in the Dungeon.
You worshipped Trog.
Trog was extremely pleased with you.
You visited 1 branch

Inventory:

Armour
 a - a +0 troll leather armour (worn)
 o - a +0 cloak (worn)
 p - a +1 robe of willpower
Jewellery
 k - a +3 ring of evasion (left claw)
 n - a +3 ring of strength (right claw)
Scrolls
 g - a scroll of blinking
 i - 2 scrolls of vulnerability
 j - a scroll of summoning
Potions
 b - 9 potions of curing
 c - 8 potions of heal wounds
 d - 2 potions of haste
 e - 4 potions of magic
 f - 4 potions of berserk rage
 h - 2 potions of invisibility
 l - a potion of mutation
 m - 2 potions of resistance


   Skills:
 + Level 13.0 Fighting
 + Level 8.6 Armour
 + Level 12.9 Dodging
 + Level 15.2 Unarmed Combat


You had 10 spell levels left.
You didn't know any spells.
Your spell library was empty.

Dungeon Overview and Level Annotations

Branches:
Dungeon (1/1)

Altars:
Ashenzari
Cheibriados
Dithmenos
Elyvilon
Fedhas
Gozag
Hepliaklqana
Kikubaaqudgha
Makhleb
Nemelex Xobeh
Okawaru
Qazlal
Ru
Sif Muna
Trog
Uskayaw
Vehumet
Wu Jian
Xom
Yredelemnul
Zin
The Shining One
Jiyva
Lugonu


Innate Abilities, Weirdness & Mutations

You are too large for most types of armour.
You have claws for hands.
Your natural rate of healing is unusually fast.
You are covered in fur. (AC +1)
You have tough skin. (AC +1)


Message History

The elephant tramples you but does no damage.
The elephant trunk-slaps you but does no damage.
Unknown command.
Unknown command.
Unknown command.
Unknown command.
You mangle the elephant!!
The elephant is heavily wounded.
Something hits you. x2
The guardian serpent casts a spell at your deep troll.
The bolt of poison hits your deep troll!
Your deep troll is poisoned.
The bolt of poison hits the cane toad!
The bolt of poison hits you!!
You are poisoned.
* * * LOW HITPOINT WARNING * * *
Your deep troll bites the guardian serpent!!
The guardian serpent dies!
Trog accepts your kill.
Trog appreciates your killing of a magic user.
The cane toad barely misses you.
The orc hits your deep troll with a +0 trident!
The crimson imp blinks!
The orc priest hits your deep troll with a +0 club.
Something closely misses you. The warg closely misses you.
The elephant tramples you!
* * * LOW HITPOINT WARNING * * *
You stumble backwards!
Your deep troll barely misses the orc.
Your deep troll claws the orc!
The orc dies!
Trog accepts your kill.
Your Fighting skill increases to level 13!
Unknown command.
Unknown command.
Unknown command.
Unknown command.
Unknown command.
You feel better. Something hits you!
* * * LOW HITPOINT WARNING * * *
The cane toad stings you!
You die...

.......# '†######
'[############## #####
......#...)))..###...#
....###...###)..#...##
...##.'...+.##.†...## #
..##..##'##..##)..## .##.
..#..##...##..'...# .....
.)#..#.....#..#.@{#§o..#.
.†)..+.....+..'.YFoT)....
..#..#.....#.5#..h#.)..#.
..#..##...##..'...#......
†.##..##'##..##...##..##.
...##.+..††.##.....####
....###...###...#...#
......#...+....###...#
################ #####


You could see an elephant, an orc high priest (ally target), a cane toad, a
warg, a crimson imp and a friendly deep troll (summoned, berserk, poisoned).

Vanquished Creatures
  A sun demon (D)
  A deep elf zephyrmancer (D)
  A molten gargoyle (D)
  An orange demon (D)
  Psyche (D)
  A komodo dragon (D)
  A troll (D)
  A hellwing (D)
  A tarantella (D)
  A glass eye (D)
  A flying skull (D)
  A ynoxinul (D)
  A wyvern (D)
  A warg (D)
  A redback (D)
  A small abomination (D)
  An ice beast (D)
  2 centaurs (D)
  6 wolves (D)
  A kobold brigand (D)
  4 wights (D)
  3 killer bees (D)
  A crimson imp (D)
  A gnoll bouda (D)
  An iguana (D)
  A mummy (D)
  5 gnolls (D)
  An adder (D)
  5 orcs (D)
  A ball python (D)
  A hobgoblin (D)
  2 bats (D)
  A kobold (D)
  A rat (D)
54 creatures vanquished.

Vanquished Creatures (collateral kills)
  An eidolon (D)
  A death knight (D)
  A flayed ghost (D)
  2 deep elf pyromancers (D)
  A guardian serpent (D)
  A troll (D)
  A flying skull (D)
  2 redbacks (D)
  An orc warrior (D)
  A bullfrog (D)
  8 killer bees (D)
  Crazy Yiuf (D)
  An orc (D)
22 creatures vanquished.

Vanquished Creatures (others)
  An iguana (D)
1 creature vanquished.

Grand Total: 77 creatures vanquished

Notes
Turn   | Place    | Note
-------+----------+-------------------------------------------
     0 | D        | sircluck the Troll Berserker began the quest for the Orb.
     0 | D        | Reached XP level 1. HP: 22/22 MP: 0/0
    32 | D        | Found a bloodstained altar of Trog.
    32 | D        | Found a shimmering blue altar of Sif Muna.
    32 | D        | Found a viscous altar of Jiyva.
    32 | D        | Found a hazy altar of Hepliaklqana.
    32 | D        | Found an opulent altar of Gozag.
    33 | D        | Found a glowing golden altar of the Shining One.
    33 | D        | Found a glowing silver altar of Zin.
    33 | D        | Found a basalt altar of Yredelemnul.
    33 | D        | Found a shimmering altar of Xom.
    33 | D        | Found an ornate altar of the Wu Jian Council.
    33 | D        | Found a sacrificial altar of Ru.
    33 | D        | Found a stormy altar of Qazlal.
    33 | D        | Found an iron altar of Okawaru.
    33 | D        | Found a sparkling altar of Nemelex Xobeh.
    33 | D        | Found a burning altar of Makhleb.
    33 | D        | Found a blossoming altar of Fedhas.
    33 | D        | Found a white marble altar of Elyvilon.
    33 | D        | Found a shadowy altar of Dithmenos.
    33 | D        | Found a snail-covered altar of Cheibriados.
    35 | D        | Found a radiant altar of Vehumet.
    35 | D        | Found a corrupted altar of Lugonu.
    36 | D        | Found a hide-covered altar of Uskayaw.
    36 | D        | Found an ancient bone altar of Kikubaaqudgha.
    36 | D        | Found a broken altar of Ashenzari.
    76 | D        | Reached ** piety under Trog
    80 | D        | Noticed a glass eye
    85 | D        | Reached XP level 2. HP: 15/31 MP: 1/1
    94 | D        | Killed a glass eye
    95 | D        | Reached skill level 7 in Unarmed Combat
    95 | D        | Reached XP level 3. HP: 36/44 MP: 2/2
    95 | D        | Reached XP level 4. HP: 43/52 MP: 3/3
    95 | D        | Reached XP level 5. HP: 48/59 MP: 4/4
   114 | D        | Reached *** piety under Trog
   121 | D        | Reached **** piety under Trog
   184 | D        | Noticed a warg
   184 | D        | Noticed a flying skull
   204 | D        | Killed a flying skull
   205 | D        | Reached skill level 8 in Unarmed Combat
   205 | D        | Reached XP level 6. HP: 40/71 MP: 5/5
   215 | D        | Killed a warg
   216 | D        | Reached skill level 9 in Unarmed Combat
   216 | D        | Reached XP level 7. HP: 33/79 MP: 6/6
   218 | D        | Reached ***** piety under Trog
   347 | D        | Reached skill level 10 in Unarmed Combat
   353 | D        | Received a gift from Trog
   383 | D        | Noticed an orange demon
   392 | D        | Killed an orange demon
   393 | D        | Reached XP level 8. HP: 22/92 MP: 7/7
   490 | D        | Noticed a hellwing
   498 | D        | Killed a hellwing
   499 | D        | Reached skill level 11 in Unarmed Combat
   501 | D        | Received a gift from Trog
   651 | D        | Noticed Psyche
   663 | D        | Killed Psyche
   664 | D        | Reached skill level 10 in Fighting
   664 | D        | Reached skill level 1 in Armour
   664 | D        | Reached skill level 10 in Dodging
   708 | D        | Noticed a komodo dragon
   714 | D        | Reached skill level 12 in Unarmed Combat
   714 | D        | Reached XP level 9. HP: 101/101 MP: 8/8
   714 | D        | Killed a komodo dragon
   714 | D        | Reached ****** piety under Trog
   766 | D        | Noticed a molten gargoyle
   772 | D        | Killed a molten gargoyle
   782 | D        | Received a gift from Trog
   851 | D        | Noticed an eidolon
   859 | D        | Noticed a troll
   860 | D        | Killed an eidolon
   861 | D        | Reached skill level 5 in Armour
   861 | D        | Reached skill level 13 in Unarmed Combat
   863 | D        | Killed a troll
   864 | D        | Reached XP level 10. HP: 83/114 MP: 9/9
   865 | D        | Noticed a flayed ghost
   870 | D        | Identified the +9 lajatang of the Hidden Teeth {heavy,
                  | Str+3} (Trog gifted it to you in the Dungeon)
   870 | D        | Received a gift from Trog
   871 | D        | Killed a flayed ghost
   905 | D        | Noticed a sun demon
   925 | D        | Killed a sun demon
   929 | D        | Reached skill level 14 in Unarmed Combat
   933 | D        | Noticed a deep elf zephyrmancer
   933 | D        | Noticed a deep elf pyromancer
   935 | D        | Noticed Crazy Yiuf
   940 | D        | Killed a deep elf zephyrmancer
   940 | D        | Received a gift from Trog
   945 | D        | Killed a deep elf pyromancer
   948 | D        | Killed Crazy Yiuf
   949 | D        | Noticed a deep elf pyromancer
   959 | D        | Killed a deep elf pyromancer
   959 | D        | Received a gift from Trog
   965 | D        | Noticed a death knight
   967 | D        | Received a gift from Trog
   969 | D        | Killed a death knight
   970 | D        | Reached XP level 11. HP: 33/124 MP: 10/10
  1064 | D        | Reached skill level 15 in Unarmed Combat
  1107 | D        | Noticed an orc high priest
  1107 | D        | HP: 2/126 [elephant (11)]
  1108 | D        | Slain by a cane toad

Illustrated notes

Levels and vault maps discovered:
D:        pitsprint [storerooms_1, entrance_room_1, metal_vault_6, armoury_3,
          mini_pit_1, grid_room_1, main_hall_1, silver_pit, the_coven_1,
          the_vestibule_1, steel_vault_2, golden_pit, hallway_of_sentries,
          crystal_vault_4, iron_vault_1, final_vault]

Skill      XL: |  1  2  3  4  5  6  7  8  9 10 11 |
---------------+----------------------------------+-----
Fighting       | 3 6 7 9 10 11 12 13 | 13.0
Dodging        | 3 6 7 9 10 11 12 | 12.9
Unarmed Combat | 7 8 9 10 12 13 14 15 | 15.2
Armour         | 2 5 8 |  8.6

Action                     |  1- 3 |  4- 6 |  7- 9 | 10-12 || total
---------------------------+-------+-------+-------+-------++-------
  Melee: Unarmed           |    17 |    36 |    74 |    34 ||   161
         Punch             |       |     2 |     7 |     3 ||    12
 Invoke: Berserk           |       |     1 |     5 |       ||     6
         Brothers in Arms  |       |       |     1 |     4 ||     5
    Use: Potion            |       |       |       |     1 ||     1
   Stab: Sleeping          |     1 |       |       |       ||     1
 Armour: Animal skin       |     2 |    27 |    32 |       ||    61
         Robe              |       |       |     4 |       ||     4
         Troll leather arm |       |       |       |    44 ||    44
  Dodge: Dodged            |     2 |    18 |    23 |    36 ||    79

Table legend: (Time is in decaauts)
 A = Elapsed time spent in this place.
 B = Non-inter-level travel time spent in this place.
 C = Inter-level travel time spent in this place.
 D = Time resting spent in this place.
 E = Time spent auto-exploring this place.
 F = Levels seen in this place.
 G = Mean time per level.
                   A        B        C        D        E       F      G
               +--------+--------+--------+--------+--------+-----+--------+
         Total |   1128 |   1124 |      4 |    475 |    191 |   1 | 1128.0 |
       Dungeon |   1128 |   1124 |      4 |    475 |    191 |   1 | 1128.0 |
               +--------+--------+--------+--------+--------+-----+--------+

Top non-repeatable levels by time:
       D: 1128 daAuts
